 Dungeon Crawl Stone Soup version 0.29.1-1-gd02db6906a (webtiles) character file.

Game seed: 132584066096034155

63 GeoRichter the Charlatan (level 3, 0/27 HPs)
             Began as a Demonspawn Artificer on Oct 22, 2022.
             Was a Follower of Okawaru.
             Slain by a jelly (2 damage)
             ... on level 2 of the Dungeon.
             The game lasted 00:02:41 (2117 turns).

GeoRichter the Charlatan (Demonspawn Artificer)     Turns: 2117, Time: 00:02:42

Health: 0/27       AC:  0    Str: 14    XL:     3   Next: 87%
Magic:  1/3        EV: 13    Int: 12    God:    Okawaru [*.....]
Gold:   58         SH:  0    Dex: 13    Spells: 2/2 levels left

rFire   . . .      SeeInvis .   h - +0 flail
rCold   . . .      Faith    .   (no shield)
rNeg    . . .      Spirit   .   b - +0 leather armour
rPois   .          Reflect  .   (no helmet)
rElec   .          Harm     .   (no cloak)
rCorr   .          Rampage  .   (no gloves)
Will    .....                   (no boots)
Stlth   +++.......              (no amulet)
HPRegen 0.09/turn               (no ring)
MPRegen 0.08/turn               (no ring)

@: heroic, corroded
A: demonic magic 1
a: Renounce Religion, Heroism


You were on level 2 of the Dungeon.
You worshipped Okawaru.
Okawaru was aware of your devotion.
You visited 1 branch of the dungeon, and saw 2 of its levels.

You collected 58 gold pieces.

Inventory:

Hand Weapons
 h - a +0 flail (weapon)
   (You took it off a gnoll on level 1 of the Dungeon)
 i - a +0 morningstar
   (You found it on level 2 of the Dungeon)
Armour
 b - a +0 leather armour (worn)
Wands
 c - a wand of flame (7) (quivered)
 d - a wand of charming (15)
 e - a wand of iceblast (5)
Scrolls
 g - 3 scrolls of identify {unknown}
 k - a scroll of vulnerability {unknown}
 l - a scroll of enchant weapon {unknown}
Potions
 a - a potion of attraction {unknown}
 f - a potion of ambrosia {unknown}
 j - a potion of mutation {unknown}
 m - a potion of heal wounds {unknown}
 n - a potion of invisibility {unknown}


   Skills:
 + Level 2.2(7.2) Fighting
 - Level 1.7(6.7) Armour
 - Level 0.8(5.8) Dodging
 - Level 0.8(5.8) Stealth
 * Level 4.3 Evocations


You had 2 spell levels left.
You didn't know any spells.
Your spell library contained the following spells:

 Spells                   Type           Power      Damage    Failure   Level
 Apportation              Tloc           0%         N/A       38%         1
 Necrotise                Necr           0%         1d4       38%         1
 Summon Small Mammal      Summ           Unusable   N/A       N/A         1

Dungeon Overview and Level Annotations

Branches:
Dungeon (2/15) Zot: 9845

Altars:
Okawaru


Innate Abilities, Weirdness & Mutations

Spells you cast may paralyse adjacent enemies.


Message History

No target in view!
g - 3 scrolls labelled WUASASHAPU (gained 1)
You now have 58 gold pieces (gained 13).
There is an open door here.
A kobold comes into view. It is wielding a +0 short sword.
The kobold shouts!
You barely miss the kobold. The kobold barely misses you.
You hit the kobold.
You kill the kobold!
Okawaru accepts your kill.
No target in view!
You see here a +0 short sword.
You open the door. 2 endoplasms come into view.
The endoplasm quivers.
Found a rat skeleton. 2 jellies and 7 endoplasms come into view.
Found a goblin skeleton and 12 gold pieces.
The endoplasm quivers. x3; The jelly quivers.
The endoplasm quivers.
There is an open door here.
You see here a +0 short sword.
You hit the endoplasm. The endoplasm freezes you.
You are frozen.
You barely miss the endoplasm. The endoplasm freezes you.
You are frozen.
The endoplasm freezes you.
You are frozen.
You hit the endoplasm. The endoplasm closely misses you.
You gain the combat prowess of a mighty hero.
The endoplasm freezes you.
You are frozen.
You completely miss the endoplasm. The endoplasm hits you.
You sock the endoplasm!
You kill the endoplasm!
Okawaru accepts your kill.
You sock the endoplasm!
You kill the endoplasm!
Okawaru accepts your kill. The jelly misses you.
You completely miss the jelly. The jelly hits you.
You are splashed with acid!
* * * LOW HITPOINT WARNING * * *
You hit the jelly.
Your hands burn!
* * * LOW HITPOINT WARNING * * *
The jelly hits you but does no damage.
You hit the jelly. The acid corrodes you!
Your hands burn!
* * * LOW HITPOINT WARNING * * *
The jelly hits you.
You die...

......#.#.#
##.)...##
..........#
#.......#
..........#
#.......#
#.........#
#.......#
##...)....#
#.......#
##.......#
####....#
##......#
##..'....#
#..#####
#.########
+.##
##..@JJJ##
###
#######'#
J........#
...JJJ...#
...J....÷#
##
.P..JJJJ.#
.## .#
......JP.#
..###...#
$..P÷P...#
........#
##########


You could see a jelly and 2 endoplasms.

Vanquished Creatures
  A gnoll (D:1)
  An adder (D:2)
  3 dart slugs (D:1)
  2 bats (D:1)
  4 endoplasms
  A giant cockroach (D:2)
  4 goblins (D:2)
  3 hobgoblins (D:1)
  2 jackals (D:2)
  9 kobolds (D:2)
  2 ball pythons
  A frilled lizard (D:1)
  2 rats (D:1)
35 creatures vanquished.

Vanquished Creatures (others)
  A bat (D:1)
  A fungus (D:2)
  A plant (D:2)
  9 toadstools (D:2)
12 creatures vanquished.

Grand Total: 47 creatures vanquished

Notes
Turn   | Place    | Note
-------+----------+-------------------------------------------
     0 | D:1      | GeoRichter the Demonspawn Artificer began the quest for the
                  | Orb.
     0 | D:1      | Reached XP level 1. HP: 15/15 MP: 1/1
   127 | D:1      | Found a faded altar of an unknown god.
   139 | D:1      | Prayed at the altar of an unknown god.
   139 | D:1      | Became a worshipper of Warmaster Okawaru
   139 | D:1      | Reached * piety under Okawaru
   461 | D:1      | Gained mutation: Spells you cast may paralyse adjacent
                  | enemies. [demonic ancestry]
   461 | D:1      | Reached XP level 2. HP: 18/21 MP: 2/2
  1319 | D:1      | Reached XP level 3. HP: 27/27 MP: 3/3
  1465 | D:1      | You fall into a shaft and drop 1 floor!
  1510 | D:2      | Reached skill level 4 in Evocations
  2117 | D:2      | Slain by a jelly

Illustrated notes

Levels and vault maps discovered:
D:1:      kennysheep_arrival_forest, layout_loops_corners,
          chequers_ecumenical_altar_simple_redux
D:2:      cheibrodos_fertilizer, layout_basic, serial_bayou,
          serial_bayou_pond_b, serial_bayou_pond_e, serial_bayou_lagoon_a,
          serial_bayou_shore_a, serial_bayou_ford_a, dk_noncrumbling_4,
          minmay_pentomino_p4

Skill      XL: |  1  2  3 |
---------------+----------+-----
Fighting       | 2 |  2.2
Evocations     | 4 |  4.3
Armour         | |  1.7
Dodging        | |  0.8
Stealth        | |  0.8

Action                   || total
-------------------------++-------
Melee: Club              ||    44
       Punch             ||     2
       Flail             ||    61
Invok: Heroism           ||     2
Evoke: Wand              ||     8
Armor: Leather armour    ||    27
Dodge: Dodged            ||    76
